 Dungeon Crawl Stone Soup version 0.21-a0-633-g4c047d5 (webtiles) character file.

18572 mtoz the Cleaver (level 12, -11/110 HPs)
             Began as a Minotaur Berserker on Dec 28, 2017.
             Was an Elder of Trog.
             Mangled by a white ugly thing (14 damage)
             ... on level 12 of the Dungeon.
             The game lasted 00:41:06 (12682 turns).

mtoz the Cleaver (Minotaur Berserker)              Turns: 12682, Time: 00:41:07

Health: -11/110    AC: 16    Str: 27    XL:     12   Next: 28%
Magic:  0/15       EV: 11    Int:  4    God:    Trog [****..]
Gold:   782        SH:  0    Dex: 10    Spells: 11/11 levels left

rFire    . . .     SeeInvis .   y - +0 war axe
rCold    . . .     Gourm    .   (no shield)
rNeg     . . .     Faith    .   J - +0 plate armour
rPois    .         Spirit   +   (helmet restricted)
rElec    .         Reflect  .   N - scarf {Spirit}
rCorr    .         Harm     .   x - +0 pair of gloves
MR       ++...                  (no boots)
Stlth    ..........             (no amulet)
HPRegen  1.28/turn              (no ring)
MPRegen  0.14/turn              (no ring)

@: regenerating
A: retaliatory headbutt, horns 2
a: Berserk, Trog's Hand, Brothers in Arms, Burn Spellbooks, Renounce Religion


You were on level 12 of the Dungeon.
You worshipped Trog.
Trog was greatly pleased with you.
You were not hungry.

You visited 1 branch of the dungeon, and saw 12 of its levels.

You collected 782 gold pieces.

Inventory:

Hand Weapons
 a - a +0 hand axe
 e - a +1 mace of protection
 k - a +3 trident
 y - a +0 war axe (weapon)
Missiles
 A - 3 poisoned tomahawks (quivered)
Armour
 x - a +0 pair of gloves (worn)
 I - a +0 cloak
 J - a +0 plate armour (worn)
 N - a scarf of spirit shield (worn)
Wands
 b - a wand of scattershot (5)
 g - a wand of flame (48)
 C - a wand of paralysis (9)
 D - a wand of iceblast (10)
 H - a wand of digging (17)
 K - a wand of disintegration (13)
 L - a wand of clouds (5)
 O - a wand of polymorph (23)
 P - a wand of enslavement (10)
Scrolls
 d - 6 scrolls of remove curse
 h - 2 scrolls of fear
 i - 4 scrolls of magic mapping
 j - 5 scrolls of enchant armour
 l - a scroll of identify
 n - a scroll of brand weapon {unknown}
 o - a scroll of torment {unknown}
 p - a scroll of summoning
 r - 2 scrolls of enchant weapon
 s - 8 scrolls of teleportation
 M - 3 scrolls of fog
Potions
 f - a potion of resistance
 m - 3 potions of heal wounds
 q - a potion of might
 t - 4 potions of flight
 v - 2 potions of magic
 z - 3 potions of haste
 B - 2 potions of agility
 E - 3 potions of curing
Comestibles
 c - 11 rations


   Skills:
 + Level 11.0 Fighting
 * Level 14.5 Axes
 + Level 10.6 Armour
 + Level 9.8 Dodging
 + Level 5.7 Evocations


You had 11 spell levels left.
You didn't know any spells.

Dungeon Overview and Level Annotations

Branches:
Dungeon (12/15)            Temple (0/1) D:5            Lair (0/6) D:10
    Orc (0/2) D:12

Altars:
Ashenzari
Dithmenos
Fedhas
Gozag
Kikubaaqudgha
Okawaru
Sif Muna
Trog
Uskayaw
Wu Jian
Xom
Zin
Lugonu

Shops:
D:7 :[


Innate Abilities, Weirdness & Mutations

You reflexively headbutt those who attack you in melee.
You have a pair of horns on your head.


Message History

You feel somewhat more hungry. The komodo dragon misses you.
The white ugly thing headbutts you.
* * * LOW HITPOINT WARNING * * *
The white ugly thing freezes you!!
* * * LOW HITPOINT WARNING * * *
You feel much better. The komodo dragon misses you.
The white ugly thing closely misses you.
You furiously retaliate!
You headbutt the white ugly thing!
Okay, then.
You eat one of the 12 rations.
That ration really hit the spot!
The komodo dragon bites you!!
* * * LOW HITPOINT WARNING * * *
The white ugly thing headbutts you but does no damage.
Your polar bear goes berserk!
You feel quite a bit more hungry. The komodo dragon misses you.
You furiously retaliate!
You headbutt the komodo dragon. The white ugly thing headbutts you!
* * * LOW HITPOINT WARNING * * *
The white ugly thing freezes you!
You die...

.'##########.###....
#........##..##....
#......(.#.(.##....
#......>.'.####....
#......).### #....
#####'#### #..(.
###..# #...) #...##
####) #@### ####)
#..ul....# #....
#..h.....# #(...
#..........# #....
..........#..
.###....
#.#........# #
........
#o#........#
####.... #
#........# #....
#....


You could see a white ugly thing, a komodo dragon, an orc (wandering) and a
friendly polar bear (berserk).

Vanquished Creatures
  Kirke (D:12)
  A hydra (D:10)
  2 two-headed ogres
  An unseen horror (D:11)
  The ghost of anet the Vexing, a novice DEWz of Ashenzari (D:7)
  An ugly thing (D:10)
  A manticore (D:12)
  3 cyclopes (D:12)
  Joseph (D:9)
  3 kobold demonologists (D:11)
  A troll (D:11)
  9 slime creatures (D:12)
  2 hippogriffs (D:11)
  A meliai zombie (D:9)
  Sigmund (D:3)
  7 yaks
  A hungry ghost (D:11)
  2 hogs (D:12)
  A soldier ant (D:11)
  A water moccasin (D:8)
  2 black bears
  A sky beast (D:10)
  11 orc warriors
  4 ice beasts
  An eye of draining (D:9)
  A phantom (D:9)
  6 centaurs
  6 ogres
  7 bullfrogs
  2 big kobolds
  3 scorpions
  12 killer bees
  A howler monkey (D:9)
  8 crimson imps
  A bullfrog zombie (D:8)
  A centaur zombie (D:11)
  6 orc priests
  5 hounds
  5 jellies
  2 bullfrog skeletons
  19 orc wizards
  2 centaur skeletons
  12 worker ants
  4 iguanas
  2 hound zombies
  2 hound skeletons
  A worker ant zombie (D:8)
  7 gnolls
  16 adders
  3 shadow imps
  6 oozes
  An adder skeleton (D:4)
  3 worms
  2 dart slugs
  5 leopard geckos
  74 orcs
  5 giant cockroaches
  9 goblins
  6 hobgoblins
  9 jackals
  2 quokkas
  2 ball pythons
  6 bats
  A frilled lizard (D:3)
  A jackal skeleton (D:7)
  17 kobolds
  A leopard gecko skeleton (D:8)
  2 quokka skeletons
  A quokka zombie (D:8)
  7 rats
  7 plants (D:10)
361 creatures vanquished.

Vanquished Creatures (others)
  2 humans (D:12)
  An orc (D:12)
  A kobold (D:12)
4 creatures vanquished.

Grand Total: 365 creatures vanquished

Notes
Turn   | Place    | Note
-------+----------+-------------------------------------------
     0 | D:1      | mtoz the Minotaur Berserker began the quest for the Orb.
     0 | D:1      | Reached XP level 1. HP: 19/19 MP: 0/0
   203 | D:1      | Reached XP level 2. HP: 24/27 MP: 1/1
   499 | D:1      | Reached skill level 4 in Axes
   933 | D:2      | Reached XP level 3. HP: 33/33 MP: 2/2
   946 | D:2      | Reached ** piety under Trog
  1663 | D:2      | Reached XP level 4. HP: 40/40 MP: 3/3
  1887 | D:3      | Reached skill level 5 in Axes
  1887 | D:3      | Reached XP level 5. HP: 23/47 MP: 4/4
  2288 | D:3      | Noticed an ogre
  2294 | D:3      | Killed an ogre
  2294 | D:3      | Reached XP level 6. HP: 55/55 MP: 5/5
  2575 | D:3      | Noticed Sigmund
  2580 | D:3      | Killed Sigmund
  2580 | D:3      | Reached skill level 5 in Fighting
  2580 | D:3      | Reached skill level 6 in Axes
  2736 | D:4      | Reached XP level 7. HP: 61/61 MP: 6/6
  2815 | D:4      | Reached *** piety under Trog
  2925 | D:4      | Reached skill level 7 in Axes
  2929 | D:4      | Found a shadowy altar of Dithmenos.
  3219 | D:4      | Found an opulent altar of Gozag.
  3219 | D:4      | Found a glowing silver altar of Zin.
  3347 | D:4      | Reached skill level 5 in Armour
  3498 | D:5      | Entered Level 5 of the Dungeon
  3507 | D:5      | Received a gift from Trog
  3833 | D:5      | Reached skill level 5 in Dodging
  3833 | D:5      | Reached XP level 8. HP: 69/70 MP: 7/7
  3992 | D:5      | Found a deep blue altar of Sif Muna.
  4075 | D:5      | Found a staircase to the Ecumenical Temple.
  4308 | D:6      | Reached skill level 8 in Axes
  4424 | D:6      | Found a blossoming altar of Fedhas.
  4438 | D:6      | Reached skill level 9 in Axes
  4824 | D:7      | Found Qisuogh's Book Boutique.
  4827 | D:7      | Reached XP level 9. HP: 79/79 MP: 8/8
  4934 | D:7      | Found a shimmering altar of Xom.
  4958 | D:7      | Noticed anet's ghost (novice DEWz)
  4993 | D:7      | Killed anet's ghost
  4993 | D:7      | Reached **** piety under Trog
  4993 | D:7      | Reached skill level 10 in Axes
  5114 | D:7      | Found a shattered altar of Ashenzari.
  5114 | D:7      | Found an iron altar of Okawaru.
  5116 | D:7      | Found a hide-covered altar of Uskayaw.
  5116 | D:7      | Found a bloodstained altar of Trog.
  5268 | D:7      | Found Uheps's Armour Emporium.
  5644 | D:7      | Found an ornate altar of the Wu Jian Council.
  6024 | D:8      | Received a gift from Trog
  6035 | D:8      | Reached skill level 1 in Evocations
  6463 | D:8      | Reached skill level 11 in Axes
  6618 | D:8      | Noticed a two-headed ogre
  6623 | D:8      | Killed a two-headed ogre
  6623 | D:8      | Reached XP level 10. HP: 90/90 MP: 10/10
  6771 | D:9      | Noticed Joseph
  6785 | D:9      | Killed Joseph
  7026 | D:9      | Found an ancient bone altar of Kikubaaqudgha.
  7179 | D:9      | Reached skill level 12 in Axes
  7831 | D:10     | Entered Level 10 of the Dungeon
  8733 | D:10     | Noticed a five-headed hydra
  8748 | D:10     | Killed a five-headed hydra
  9067 | D:10     | Reached XP level 11. HP: 71/97 MP: 7/12
  9216 | D:10     | Noticed a green ugly thing
  9224 | D:10     | Killed a green ugly thing
  9336 | D:10     | Found a staircase to the Lair.
 10045 | D:11     | Reached skill level 13 in Axes
 10419 | D:11     | Reached skill level 10 in Fighting
 10807 | D:11     | Killed an unseen horror
 11200 | D:11     | Found a corrupted altar of Lugonu.
 11628 | D:12     | Reached skill level 10 in Armour
 11875 | D:12     | Noticed a two-headed ogre
 11885 | D:12     | Killed a two-headed ogre
 11885 | D:12     | Reached skill level 5 in Evocations
 12030 | D:12     | Reached skill level 14 in Axes
 12270 | D:12     | Noticed Kirke
 12277 | D:12     | Killed Kirke
 12277 | D:12     | Reached XP level 12. HP: 108/108 MP: 12/15
 12295 | D:12     | Found a staircase to the Orcish Mines.
 12679 | D:12     | HP: 2/110 [white ugly thing (29)]
 12682 | D:12     | Mangled by a white ugly thing

Vault maps used:
D:1:      minmay_arrival_wavy_path
D:3:      uniq_sigmund
D:4:      grunt_temple_overflow_gold_and_silver, overflow_temple_1_default,
          wad_floor_pattern_1
D:5:      lemuel_blue_sif_altar, temple_doors_ab, first_ration,
          hangedman_abyss_or_decor_jellyfish_corner
D:6:      fedhas_altar_1
D:7:      grunt_temple_overflow_open, basic_altar, serial_shops, shop,
          kennysheep_mini_moat
D:9:      kiku_gazebo_garden_becter, hangedman_little_slice_of_home,
          kennysheep_nub, kennysheep_small_square, uniq_joseph
D:10:     dpeg_oklobed_lair, grunt_ministairs_9, kb_rosetta
D:11:     kennysheep_kobold_lugonu_temple
D:12:     hiddenorc2_lemuel, lightli_fourway_metalbox, uniq_harold, uniq_kirke

Skill      XL: |  1  2  3  4  5  6  7  8  9 10 11 12 |
---------------+-------------------------------------+-----
Axes           | 4 5 6 7 9 11 12 14 | 14.5
Fighting       | 4 5 6 7 8 9 10 11 | 11.0
Armour         | 3 4 5 6 8 9 10 | 10.6
Dodging        | 3 4 5 6 7 8 9 |  9.8
Evocations     | 2 3 5 |  5.7

Action                   |  1- 3 |  4- 6 |  7- 9 | 10-12 || total
-------------------------+-------+-------+-------+-------++-------
Melee: Hand axe          |    75 |    92 |   356 |   128 ||   651
       Headbutt          |    16 |    20 |    62 |   149 ||   247
       War axe           |       |       |       |   508 ||   508
       Mace              |       |       |       |     9 ||     9
Invok: Trog's Hand       |       |     4 |     9 |    12 ||    25
       Berserk           |       |     4 |     8 |    13 ||    25
       Burn Spellbooks   |       |       |       |     1 ||     1
       Brothers in Arms  |       |       |       |     2 ||     2
Evoke: Wand              |       |       |     1 |    11 ||    12
  Use: Potion            |       |       |     8 |     5 ||    13
       Scroll            |       |       |     6 |     5 ||    11
  Eat: Chunk             |     2 |     7 |    17 |    27 ||    53
       Ration            |       |       |     2 |     5 ||     7
Armor: Animal skin       |    10 |       |       |       ||    10
       Ring mail         |     9 |       |    38 |       ||    47
       Scale mail        |     9 |    20 |    33 |       ||    62
       Plate armour      |       |       |    59 |   305 ||   364
Dodge: Dodged            |    39 |    45 |   198 |   292 ||   574

Table legend:
 A = Spawn XP
 B = Non-spawn XP
 C = Spawn XP percentage of total XP
 D = Spawn monster count
 E = Non-spawn monster count
 F = Spawn count percentage of total count
 G = Total turns spent on level
                    A         B        C        D         E        F      G
               +---------+---------+-------+---------+---------+-------+---------
         Total |       0 |   26532 |   0.0 |       0 |     355 |   0.0 | 12682
               +---------+---------+-------+---------+---------+-------+---------
           D:1 |       0 |      36 |   0.0 |       0 |      20 |   0.0 |   855
           D:2 |       0 |      62 |   0.0 |       0 |      19 |   0.0 |   886
           D:3 |       0 |     541 |   0.0 |       0 |      37 |   0.0 |   944
           D:4 |       0 |     358 |   0.0 |       0 |      21 |   0.0 |   813
           D:5 |       0 |     499 |   0.0 |       0 |      19 |   0.0 |   806
           D:6 |       0 |    1301 |   0.0 |       0 |      30 |   0.0 |   520
           D:7 |       0 |    1120 |   0.0 |       0 |      14 |   0.0 |  1081
           D:8 |       0 |    2409 |   0.0 |       0 |      40 |   0.0 |   833
           D:9 |       0 |    2795 |   0.0 |       0 |      36 |   0.0 |  1093
          D:10 |       0 |    2832 |   0.0 |       0 |      28 |   0.0 |  2453
          D:11 |       0 |    4979 |   0.0 |       0 |      30 |   0.0 |  1251
          D:12 |       0 |    9600 |   0.0 |       0 |      61 |   0.0 |  1147
               +---------+---------+-------+---------+---------+-------+---------
